 Dungeon Crawl Stone Soup version 0.29.1-15-g9cfb28693d (webtiles) character file.

Game seed: 13333961157034705196

75 Eitelfritz the Covered (level 4, 0/40 HPs)
             Began as a Hill Orc Fighter on Mar 19, 2023.
             Slain by an iguana (11 damage)
             ... on level 2 of the Dungeon.
             The game lasted 00:01:40 (1628 turns).

Eitelfritz the Covered (Hill Orc Fighter)           Turns: 1628, Time: 00:01:41

Health: 0/40       AC:  7    Str: 20    XL:     4   Next: 31%
Magic:  4/4        EV:  9    Int:  8    God:
Gold:   74         SH:  4    Dex: 10    Spells: 3/3 levels left

rFire   . . .      SeeInvis .   a - +0 war axe
rCold   . . .      Faith    .   c - +0 buckler
rNeg    . . .      Spirit   .   b - +0 scale mail
rPois   .          Reflect  .   (no helmet)
rElec   .          Harm     .   (no cloak)
rCorr   .          Rampage  .   (no gloves)
Will    .....                   (no boots)
Stlth   ..........              (no amulet)
HPRegen 0.13/turn               (no ring)
MPRegen 0.09/turn               (no ring)

@: no status effects
A: no striking features
a: no special abilities


You were on level 2 of the Dungeon.
You visited 1 branch of the dungeon, and saw 2 of its levels.

You collected 74 gold pieces.

Inventory:

Hand Weapons
 a - a +0 war axe (weapon)
Missiles
 g - 6 javelins (quivered)
Armour
 b - a +0 scale mail (worn)
 c - a +0 buckler (worn)
Scrolls
 f - 2 scrolls of fear {unknown}
 h - a scroll of identify {unknown}
 i - a scroll of vulnerability {unknown}
 k - a scroll of brand weapon {unknown}
 l - a scroll of immolation {unknown}
Potions
 d - a potion of might
 e - 3 potions of lignification {unknown}
 j - a potion of ambrosia {unknown}


   Skills:
 + Level 3.9 Fighting
 + Level 4.0 Axes
 + Level 4.2 Armour
 + Level 0.4 Dodging
 + Level 0.1 Stealth
 + Level 3.6 Shields


You had 3 spell levels left.
You didn't know any spells.
Your spell library contained the following spells:

 Spells                   Type           Power      Damage    Failure   Level
 Slow                     Hex            0%         N/A       85%         1
 Confusing Touch          Hex            0%         N/A       99%         3
 Vampiric Draining        Necr           0%         2d6       99%         3


Dungeon Overview and Level Annotations

Branches:
Dungeon (2/15)

Altars:

Shops:
D:1 :


Message History

You hit the adder.
The adder is lightly wounded.
The adder barely misses you. The adder bites you but does no damage.
You hit the adder.
The adder is moderately wounded.
The adder bites you but does no damage.
You miss the adder.
The adder is moderately wounded.
The adder misses you. The adder bites you but does no damage.
You slash the adder!
You kill the adder!
You barely miss the iguana.
The iguana bites you but does no damage.
Your Axes skill increases to level 4!
The iguana bites you but does no damage.
You see here an adder corpse.
You hit the iguana but do no damage. The iguana barely misses you.
The iguana bites you!
You completely miss the iguana. The iguana bites you!
You completely miss the iguana. You block the iguana's attack.
You slash the iguana!
The iguana is severely wounded.
The iguana barely misses you. The iguana closely misses you.
You hit the iguana but do no damage.
The iguana is severely wounded.
The iguana bites you.
You closely miss the iguana.
The iguana is severely wounded.
The iguana bites you!
* * * LOW HITPOINT WARNING * * *
You hit the iguana.
The iguana is almost dead.
The iguana bites you but does no damage. x2
You hit the iguana but do no damage.
The iguana is almost dead.
The iguana barely misses you.
You barely miss the iguana.
The iguana is almost dead.
The iguana bites you!
You die...

...................#
.#.#................
#.#.#.##...#.#......#
#.##.............
#..........#...##
###...........#
#..##.........
.####<..†......###
.......@l.......#
.##.#.....#.#..##
..........#..#
##.##.##.#.#..# # #.
#.#.# # ## #.# # .#


You could see an iguana.

Vanquished Creatures
  Natasha (D:2)
  An adder (D:2)
  2 worms (D:2)
  2 dart slugs
  3 ball pythons (D:2)
  4 bats
  3 endoplasms (D:1)
  A giant cockroach (D:2)
  3 goblins (D:2)
  3 hobgoblins
  4 kobolds
  A frilled lizard (D:1)
  3 rats
31 creatures vanquished.

Notes
Turn   | Place    | Note
-------+----------+-------------------------------------------
     0 | D:1      | Eitelfritz the Hill Orc Fighter began the quest for the
                  | Orb.
     0 | D:1      | Reached XP level 1. HP: 19/19 MP: 1/1
   224 | D:1      | Reached XP level 2. HP: 22/27 MP: 2/2
   701 | D:1      | Found Voeri's Book Boutique.
   945 | D:2      | Reached XP level 3. HP: 16/33 MP: 3/3
  1381 | D:2      | Noticed Natasha
  1391 | D:2      | Killed Natasha
  1392 | D:2      | Reached XP level 4. HP: 21/40 MP: 4/4
  1628 | D:2      | Slain by an iguana

Illustrated notes

Levels and vault maps discovered:
D:1:      roderic_octagonal_star, layout_loops_cross, serial_shops,
          nicolae_shop_crystal, hangedman_decor_points
D:2:      minmay_inner_zag, layout_basic, uniq_natasha

Skill      XL: |  1  2  3  4 |
---------------+-------------+-----
Axes           | 3 4 |  4.0
Armour         | 4 |  4.2
Fighting       | |  3.9
Dodging        | |  0.4
Stealth        | |  0.1
Shields        | |  3.6

Action                   |  1- 3 |  4- 6 || total
-------------------------+-------+-------++-------
Melee: War axe           |    68 |    15 ||    83
Armor: Scale mail        |    40 |     9 ||    49
Dodge: Dodged            |    38 |     8 ||    46
Block: Buckler           |    17 |     2 ||    19
